 Dungeon Crawl Stone Soup version 0.19.4-10-g532645f (webtiles) character file.

363750 Peloso the Hoplite (level 21, -16/201 HPs)
             Began as a Minotaur Fighter on Feb 26, 2017.
             Was the Champion of Okawaru.
             Demolished by an azure jelly (24 damage)
             ... on level 5 of the Pits of Slime.
             The game lasted 03:23:04 (61209 turns).

Peloso the Hoplite (Minotaur Fighter)              Turns: 61209, Time: 03:23:04

Health: -16/201    AC: 14    Str: 41      XL:     21   Next: 54%
Magic:  19/19      EV: 12    Int:  2 (3)  God:    Okawaru [******]
Gold:   1702       SH: 15    Dex: 13      Spells: 0 memorised, 20 levels left

rFire  + . .     SeeInvis .     T - +3 demon blade (elec)
rCold  . . .     Gourm    .     I - +1 plate armour {MR+}
rNeg   . . .     Faith    .     a - +2 buckler {rPois}
rPois  +         Spirit   .     y - +0 hat {MR+}
rElec  .         Reflect  +     H - -2 cloak of the Jolly Realms {*Contam MR++ Regen+ Str+8}
rCorr  +         Harm     .     A - +2 pair of gloves {archery}
MR     +++++     Rnd*Rage +     r - +2 pair of boots "Yresais" {+Fly rC- Str+5}
Stlth  ..........               E - +2 amulet of reflection
                                D - ring of resist corrosion
                                v - ring of Duesaaf {rC+ Str+6 Slay+2}

@: exhausted, corroded, very slightly contaminated, slowed, very slow
A: retaliatory headbutt, horns 2, berserk 1, blurry vision 1, clumsy 1, dopey 1,
fire resistance 1, low mp 1, weak 2, wild magic 1
a: Heroism, Finesse, Renounce Religion, Evoke Flight
}: 2/15 runes: barnacled, gossamer


You were on level 5 of the Pits of Slime.
You worshipped Okawaru.
Okawaru was exalted by your worship.
You were not hungry.

You visited 8 branches of the dungeon, and saw 41 of its levels.
You visited 1 bazaar.
You also visited: Ice Cave and Volcano.

You collected 4622 gold pieces.
You spent 2920 gold pieces at shops.

Inventory:

Hand Weapons
 k - a +2 demon blade of venom
 R - a +3 scimitar of flaming
 T - a +3 demon blade of electrocution (weapon)
Armour
 a - a +2 buckler of poison resistance (worn)
 i - a +2 shield of reflection
 p - a +8 plate armour of ponderousness
 r - the +2 pair of boots "Yresais" (worn) {+Fly rC- Str+5}
   (Okawaru gifted it to you on level 2 of the Elven Halls)

   It affects your strength (+5).
   It makes you vulnerable to cold.
   It lets you fly.
 y - a +0 hat of magic resistance (worn)
 A - a +2 pair of gloves of archery (worn)
 H - the -2 cloak of the Jolly Realms (worn) {*Contam MR++ Regen+ Str+8}
   (Okawaru gifted it to you on level 2 of the Vaults)

   It affects your strength (+8).
   It affects your resistance to hostile enchantments.
   It causes magical contamination when unequipped.
   It increases your rate of regeneration.
 I - a +1 plate armour of magic resistance (worn)
Jewellery
 l - an uncursed ring of see invisible
 v - the ring of Duesaaf (left hand) {rC+ Str+6 Slay+2}
   (You bought it in a shop in a bazaar)

   [ring of strength]

   It affects your strength (+6).
   It affects your accuracy and damage with ranged weapons and melee attacks
   (+2).
   It protects you from cold.
 D - a ring of resist corrosion (right hand)
 E - a +2 amulet of reflection (around neck)
 N - the ring "Mymue" {+Fly rC+}
   (You took it off a deep elf death mage on level 3 of the Elven Halls)

   [ring of protection from cold]

   It protects you from cold.
   It lets you fly.
 Y - a +3 ring of slaying
Wands
 j - a wand of disintegration (7/24)
 C - a wand of hasting (2/9)
 F - a wand of digging (15/24)
 W - a wand of teleportation (1/9)
Scrolls
 b - 2 scrolls of silence
 c - 9 scrolls of summoning
 h - 10 scrolls of identify
 o - 4 scrolls of magic mapping
 q - 17 scrolls of remove curse
 t - 7 scrolls of recharging
 u - 2 scrolls of blinking
 x - 3 scrolls of teleportation
 Z - 2 scrolls of fear
Potions
 d - 7 potions of might
 e - 6 potions of haste
 g - 13 potions of curing
 m - 5 potions of agility
 s - 2 potions of resistance
 Q - 8 potions of berserk rage
 X - a potion of invisibility
Comestibles
 f - 10 bread rations
 n - 15 meat rations
 L - 9 slices of pizza
 O - 12 royal jellies


   Skills:
 + Level 20.2 Fighting
 + Level 21.1 Long Blades
   Level 2.7 Axes
 + Level 18.6 Armour
 + Level 5.8 Dodging
 + Level 3.1 Stealth
 + Level 26.2 Shields
 + Level 1.8 Invocations
 + Level 1.2 Evocations


You had 20 spell levels left.
You didn't know any spells.

Dungeon Overview and Level Annotations

Branches:
Dungeon (15/15)            Temple (0/1) D:5            Lair (6/6) D:11
 Shoals (4/4) Lair:4       Spider (4/4) Lair:4        Slime (5/5) Lair:6
    Orc (2/2) D:11            Elf (3/3) Orc:2        Vaults (2/5) D:13
  Crypt (0/3) Vaults:2     Depths (0/5) D:15

Altars:
Ashenzari
Elyvilon
Nemelex Xobeh
Okawaru
Trog
Beogh

Shops:
D:6 =   D:8 ?   D:9 %   D:10 [?   D:13 !   D:15 :   Orc:1 *   Orc:2 *=[((
Elf:1 %   Elf:2 (}   Elf:3 :   Shoals:2 *   Vaults:1 %!=


Innate Abilities, Weirdness & Mutations

You reflexively headbutt those who attack you in melee.
You have a pair of horns on your head.
You tend to lose your temper in combat.
Scrolls take you a little longer to read.
You are clumsy. (Dex -2)
You are dopey. (Int -2)
Your flesh is heat resistant. (rF+)
Your magical capacity is low. (-10% MP)
You are very weak. (Str -4)
Your spells are a little harder to cast, but a little more powerful.


Message History

* * * LOW HITPOINT WARNING * * *
You are splashed with acid!
The acid burns!
You resist.
* * * LOW HITPOINT WARNING * * *
Two slime creatures merge to form a large slime creature.
Two slime creatures merge to form a very large slime creature.
Blink to where?
Press: ? - help, Dir - move target cursor You are very lightly contaminated with residual magic.
As you read the scroll of blinking, it crumbles to dust.
Really read with blurry vision while enemies are nearby?
You begin reading the scroll.
You continue reading the scroll.
Blink to where?
Press: ? - help, Dir - move target cursor
As you read the scroll of blinking, it crumbles to dust.
An azure jelly comes into view.
The azure jelly quivers.
The azure jelly hits you.
* * * LOW HITPOINT WARNING * * *
The azure jelly freezes you!!
You die...

###########.#...
#.....#..#......
###...............
##.................
##..................
#...................
##..................
##..................
######..@................
##..#.....J...............
#.........................
##......................... ##
#..........................
#.###..........................
#..##..................... .##
##..................#####.
##...................#


You could see an azure jelly.

Vanquished Creatures
  Dissolution (Slime:1)
  Saint Roka (Orc:2)
  Asterion (Spider:1)
  A deep elf blademaster (Elf:3)
  17 acid blobs
  A kraken (Shoals:2)
  A deep elf master archer (Elf:3)
  Kirke (Spider:1)
  Ilsuiw (Shoals:3)
  8 azure jellies
  5 emperor scorpions
  11 deep elf sorcerers
  4 ghost moths
  2 vault wardens
  Louise (Shoals:2)
  2 ironheart preservers (Vaults:2)
  The ghost of Magnus the Blocker, a journeyman FoFi of the Shining One (Orc:2)
  A stone giant (Vaults:2)
  An entropy weaver (Spider:4)
  A vampire knight (Vaults:2)
  A dire elephant (D:15)
  Azrael (Orc:2)
  4 deep elf demonologists
  6 deep elf annihilators
  3 merfolk javelineers (Shoals:4)
  11 merfolk impalers
  2 fire dragons (Vaults:1)
  An ettin (D:13)
  2 yaktaur captains
  2 blizzard demons (IceCv)
  4 deep elf death magi (Elf:3)
  Erolcha (D:12)
  2 deep elf high priests
  4 death oozes
  5 great orbs of eyes
  A catoblepas (D:13)
  2 ice dragons (Vaults:1)
  6 hydras
  The ghost of SirSavien the Geomancer, a journeyman GrEE of Vehumet (IceCv)
  2 merfolk avatars (Shoals:1)
  8 ogre magi
  3 centaur warriors
  A death knight (Vaults:2)
  5 merfolk aquamancers (Shoals:4)
  4 satyrs
  A satyr (shapeshifter) (D:15)
  2 alligator snapping turtles
  29 dancing weapons
  3 tengu warriors
  8 death yaks (Lair:5)
  Urug (Orc:2)
  An orc high priest (Orc:2)
  Sonja (Orc:2)
  21 deep elf knights
  A shadow wraith (Vaults:1)
  8 skeletal warriors
  17 sea snakes
  An unseen horror (shapeshifter) (Vaults:2)
  5 unseen horrors
  2 glowing orange brains
  A kraken simulacrum (Shoals:4)
  A deep troll (shapeshifter) (Vaults:1)
  10 deep elf archers
  6 hill giants
  Pikel (D:6)
  8 ironbrand convokers
  A harpy (shapeshifter) (D:13)
  7 orc knights
  2 anaconda skeletons (Volcano)
  7 harpies (Shoals:3)
  50 deep elf magi
  4 orc sorcerers
  A manticore (shapeshifter) (D:15)
  3 ugly things
  18 orb spiders
  6 shining eyes
  10 cyclopes
  15 manticores
  18 fauns
  An oklob plant (Lair:5)
  32 wolf spiders
  2 black mambas (shapeshifter) (Vaults:2)
  8 sirens
  14 elephants
  7 water nymphs
  Joseph (D:7)
  6 black mambas
  3 ice statues (IceCv)
  6 torpor snails
  5 gargoyles
  3 eyes of devastation
  The ghost of lolicon the Cruncher, a novice MiGl of Cheibriados (D:5)
  8 spiny frogs
  4 vault sentinels
  An efreet (D:15)
  16 yaktaurs
  A kobold demonologist (D:14)
  A rime drake (Lair:6)
  6 freezing wraiths
  4 anaconda simulacra (IceCv)
  11 komodo dragons
  18 demonic crawlers
  12 ice devils (IceCv)
  2 tengu conjurers
  A queen bee (Spider:3)
  3 trolls
  7 polar bears
  37 jumping spiders
  29 merfolk
  6 meliai
  15 two-headed ogres
  A wind drake (shapeshifter) (Vaults:2)
  19 hornets
  86 slime creatures
  26 blink frogs
  5 wind drakes
  8 hippogriffs
  8 snapping turtles
  17 dream sheep
  73 redbacks
  3 flying skulls (Volcano)
  A yak (shapeshifter) (Vaults:2)
  An alligator skeleton (Volcano)
  33 tarantellas
  7 air elementals
  17 spriggans
  14 water elementals
  2 shadows
  5 wraiths
  3 vampires
  6 fire elementals
  2 hogs (Spider:1)
  3 wyverns
  65 yaks
  3 dire elephant simulacra (IceCv)
  5 basilisks
  3 golden eyes (Slime:1)
  3 hungry ghosts
  A golden eye (shapeshifter) (Vaults:1)
  3 vampire mosquitoes (Spider:2)
  A steam dragon (shapeshifter) (Vaults:2)
  A harpy simulacrum (IceCv)
  5 wargs
  2 mottled dragons
  A soldier ant (D:14)
  Edmund (D:4)
  2 iron troll simulacra (IceCv)
  13 water moccasins
  A floating eye (shapeshifter) (D:13)
  An eye of draining (shapeshifter) (Elf:2)
  8 porcupines
  6 sky beasts
  4 hell hounds (Orc:1)
  A meliai simulacrum (D:15)
  4 ice beasts
  38 orc warriors
  34 ogres
  3 black bears
  3 eyes of draining
  41 wolves
  4 phantoms
  5 boggarts
  14 centaurs
  19 crocodiles
  8 big kobolds
  Blork the orc (Orc:1)
  18 bullfrogs
  A gnoll sergeant (D:6)
  7 earth elementals
  A wyvern skeleton (D:13)
  5 scorpions
  31 killer bees
  A vampire bat (Orc:1)
  3 wights (D:8)
  A spriggan skeleton (Volcano)
  4 howler monkeys
  A troll skeleton (Volcano)
  7 electric eels
  A crimson imp (D:15)
  4 centaur zombies
  A quasit (D:10)
  20 jellies
  7 hounds
  32 orc wizards
  27 orc priests
  9 centaur skeletons
  A bullfrog skeleton (D:12)
  Terence (D:3)
  An iguana (D:3)
  13 worker ants
  2 hound skeletons
  A worker ant zombie (D:5)
  6 gnolls
  13 adders
  2 shadow imps
  3 oozes
  An adder skeleton (D:7)
  2 worms
  7 leopard geckos
  94 orcs
  3 giant cockroaches
  8 goblins
  8 hobgoblins
  6 jackals
  25 kobolds
  4 quokkas
  2 ball pythons
  A ball python zombie (D:6)
  20 bats
  2 frilled lizards
  A quokka skeleton (D:7)
  9 rats
  A bush (Lair:5)
  3 fungi
  2 plants
  2 tentacles
1754 creatures vanquished.

Vanquished Creatures (others)
  A yaktaur captain (Vaults:1)
  A centaur warrior (Vaults:1)
  2 satyrs (Shoals:3)
  A faun (Shoals:4)
  A vampire (Vaults:2)
  A redback (Spider:4)
  2 humans (Spider:1)
  An orc warrior (Vaults:1)
  2 slaves (D:6)
  2 centaurs (Vaults:1)
  A killer bee (Spider:3)
  2 gnolls (D:6)
  An adder (D:5)
  28 fungi
  32 plants
  16 tentacles
94 creatures vanquished.

Grand Total: 1848 creatures vanquished

Notes
Turn   | Place    | Note
-------+----------+-------------------------------------------
     0 | D:1      | Peloso the Minotaur Fighter began the quest for the Orb.
     0 | D:1      | Reached XP level 1. HP: 19/19 MP: 0/0
   126 | D:1      | Reached XP level 2. HP: 25/27 MP: 1/1
   206 | D:1      | Reached skill level 4 in Shields
   810 | D:2      | Found a faded altar of an unknown god.
   831 | D:2      | Found a sparkling altar of Nemelex Xobeh.
   831 | D:2      | Found an iron altar of Okawaru.
   834 | D:2      | Reached XP level 3. HP: 32/33 MP: 2/2
   849 | D:2      | Became a worshipper of Warmaster Okawaru
   955 | D:2      | Found a bloodstained altar of Trog.
  1346 | D:2      | Reached XP level 4. HP: 21/40 MP: 3/3
  2262 | D:3      | Reached skill level 5 in Shields
  2262 | D:3      | Reached XP level 5. HP: 46/46 MP: 4/4
  2345 | D:3      | Noticed Terence
  2355 | D:3      | Killed Terence
  2355 | D:3      | Reached * piety under Okawaru
  2520 | D:3      | Found a bloodstained altar of Trog.
  2606 | D:4      | Reached skill level 5 in Armour
  2754 | D:3      | Reached XP level 6. HP: 53/53 MP: 5/5
  2821 | D:4      | Found a white marble altar of Elyvilon.
  2830 | D:4      | Reached skill level 1 in Dodging
  3093 | D:4      | Reached skill level 5 in Long Blades
  3354 | D:4      | Noticed Edmund
  3377 | D:4      | Killed Edmund
  3377 | D:4      | Reached ** piety under Okawaru
  3377 | D:4      | Reached skill level 6 in Shields
  3377 | D:4      | Reached XP level 7. HP: 48/60 MP: 6/6
  3990 | D:5      | Entered Level 5 of the Dungeon
  4254 | D:5      | Noticed lolicon's ghost (novice MiGl)
  4282 | D:5      | Killed lolicon's ghost
  4282 | D:5      | Reached skill level 5 in Fighting
  4282 | D:5      | Reached XP level 8. HP: 55/68 MP: 7/7
  4842 | D:5      | Reached skill level 7 in Shields
  4940 | D:5      | Found a staircase to the Ecumenical Temple.
  5216 | D:6      | Found Mumel's Jewellery Boutique.
  5499 | D:6      | Reached skill level 1 in Invocations
  5512 | D:6      | Reached *** piety under Okawaru
  5814 | D:6      | Noticed Pikel
  5830 | D:6      | Killed Pikel
  5830 | D:6      | Reached skill level 8 in Shields
  5830 | D:6      | Reached XP level 9. HP: 20/75 MP: 8/8
  7125 | D:7      | Noticed Joseph
  7144 | D:7      | Killed Joseph
  7144 | D:7      | Reached **** piety under Okawaru
  7144 | D:7      | Reached skill level 9 in Shields
  7269 | D:7      | Reached skill level 1 in Stealth
  7624 | D:8      | Reached skill level 10 in Long Blades
  7670 | D:8      | Reached ***** piety under Okawaru
  7954 | D:8      | Reached skill level 10 in Shields
  7960 | D:8      | Reached XP level 10. HP: 64/84 MP: 6/9
  8800 | D:8      | Found Edusmash's Magic Scroll Shop.
  8819 | D:8      | Bought a scroll of magic mapping for 35 gold pieces
  8819 | D:8      | Bought a scroll of identify for 20 gold pieces
  8907 | D:9      | Found Moho's Food Shop.
  8955 | D:9      | Reached skill level 11 in Shields
  9018 | D:9      | Found a shattered altar of Ashenzari.
  9437 | D:10     | Entered Level 10 of the Dungeon
  9437 | D:10     | Noticed a hill giant
  9446 | D:9      | Killed a hill giant
  9446 | D:9      | Received a gift from Okawaru
  9524 | D:10     | Noticed a hill giant
  9538 | D:10     | Killed a hill giant
  9538 | D:10     | Reached XP level 11. HP: 94/94 MP: 7/10
  9604 | D:10     | Found Uloos's Armour Shoppe.
  9750 | D:10     | Found Goqu's Magic Scroll Shoppe.
  9793 | D:10     | Reached skill level 12 in Shields
  9827 | D:10     | Noticed a three-headed hydra
  9832 | D:10     | Killed a one-headed hydra
 10023 | D:10     | Noticed a tengu warrior
 10081 | D:9      | Killed a tengu warrior
 10173 | D:10     | Got a warped lajatang
 10178 | D:10     | Gained mutation: Your flesh is heat resistant. (rF+) [potion of beneficial mutation]
 10364 | D:11     | Noticed an unseen horror
 10383 | D:11     | Killed an unseen horror
 10388 | D:11     | Noticed a hill giant
 10396 | D:11     | Killed a hill giant
 10770 | D:11     | Found a staircase to the Lair.
 10871 | D:11     | Noticed a green ugly thing
 10881 | D:11     | Killed a green ugly thing
 10881 | D:11     | Reached skill level 13 in Shields
 11099 | D:11     | Noticed an unseen horror
 11114 | D:11     | Killed an unseen horror
 11168 | D:11     | Found a staircase to the Orcish Mines.
 11329 | D:11     | Noticed a green ugly thing
 11348 | D:11     | Killed a green ugly thing
 11348 | D:11     | Reached ****** piety under Okawaru
 11627 | Lair:1   | Entered Level 1 of the Lair of Beasts
 11851 | Lair:1   | Reached skill level 10 in Armour
 12105 | Lair:1   | Reached XP level 12. HP: 106/106 MP: 12/12
 12265 | Lair:2   | You fall through a shaft for 2 floors!
 12265 | Lair:4   | Found a hole to the Spider Nest.
 12292 | Lair:4   | Received a gift from Okawaru
 12297 | Lair:4   | Found a dark tunnel.
 12319 | Volcano  | Entered a volcano
 12662 | Volcano  | Reached skill level 10 in Fighting
 13183 | Lair:4   | Reached skill level 14 in Shields
 13238 | Lair:4   | Received a gift from Okawaru
 13315 | Lair:4   | Found a staircase to the Shoals.
 14681 | Lair:4   | Noticed a six-headed hydra
 14693 | Lair:4   | Killed a one-headed hydra
 14693 | Lair:4   | Reached skill level 1 in Axes
 14693 | Lair:4   | Reached XP level 13. HP: 88/114 MP: 13/13
 15040 | Lair:3   | Reached skill level 15 in Shields
 15161 | Lair:2   | Received a gift from Okawaru
 15457 | Lair:2   | Received a gift from Okawaru
 16900 | Lair:3   | Reached skill level 15 in Long Blades
 17332 | Lair:4   | Identified the +10 lajatang of Zerph {venom, rF+} (You found it on level 10 of the Dungeon)
 17506 | Lair:5   | Reached skill level 16 in Shields
 17611 | Lair:5   | Got an iridescent whip
 19092 | Lair:6   | Entered Level 6 of the Lair of Beasts
 19216 | Lair:6   | Received a gift from Okawaru
 19386 | Lair:6   | Reached XP level 14. HP: 39/126 MP: 14/14
 19387 | Lair:6   | Identified the +11 whip "Embalmer" {freeze, rF+ Int+4} (You found it on level 5 of the Lair of Beasts)
 19970 | Lair:6   | Reached skill level 17 in Shields
 21848 | Lair:5   | Received a gift from Okawaru
 22018 | Lair:6   | Found a staircase to the Slime Pits.
 22023 | Lair:6   | Reached skill level 18 in Shields
 22719 | D:12     | Noticed Erolcha
 22726 | D:12     | Killed Erolcha
 22727 | D:12     | Identified Cyoxt's Reference Book on Harmful Ignition
 23450 | D:13     | Found Gyro Dac's Distillery.
 23923 | D:13     | Received a gift from Okawaru
 24354 | D:13     | Reached XP level 15. HP: 134/136 MP: 15/15
 24494 | D:13     | Found a gate to the Vaults.
 25440 | D:14     | Reached skill level 19 in Shields
 25645 | D:15     | Entered Level 15 of the Dungeon
 25818 | D:15     | Found Celeh's Book Boutique.
 26151 | D:15     | Received a gift from Okawaru
 26214 | D:15     | Found a staircase to the Depths.
 26239 | D:15     | HP: 6/137 [ogre mage/crystal spear (20)]
 27628 | D:14     | Received a gift from Okawaru
 27631 | D:14     | Got a transparent hat {god gift}
 27645 | D:14     | Identified the +0 hat of Okawaru's Vengeance {+Fly rN+} (Okawaru gifted it to you on level 14 of the Dungeon)
 27764 | Orc:1    | Entered Level 1 of the Orcish Mines
 27789 | Orc:1    | Found Daosmues's Desiderata Depot.
 28576 | Orc:2    | Entered Level 2 of the Orcish Mines
 28585 | Orc:2    | Noticed Azrael
 28727 | Orc:2    | Killed Azrael
 28988 | Orc:2    | Noticed Blork the orc
 28989 | Orc:2    | Noticed Saint Roka
 29386 | Orc:1    | Killed Blork the orc
 29432 | Orc:2    | Killed Saint Roka
 29677 | Orc:2    | Noticed Magnus's ghost (journeyman FoFi)
 29714 | Orc:2    | Killed Magnus's ghost
 29744 | Orc:2    | Noticed Sonja
 29767 | Orc:2    | Reached XP level 16. HP: 24/147 MP: 16/16
 29785 | Orc:2    | Killed Sonja
 30293 | Orc:2    | Noticed Urug
 30325 | Orc:2    | Reached skill level 20 in Shields
 30335 | Orc:2    | Killed Urug
 30444 | Orc:2    | Found a roughly hewn altar of Beogh.
 30449 | Orc:2    | Found Heqatokk's Antique Armour Shop.
 30464 | Orc:2    | Found Elut's Antique Weapon Shop.
 30468 | Orc:2    | Found Niloipp's Jewellery Shop.
 30574 | Orc:2    | Found Plog's Weapon Emporium.
 30593 | Orc:2    | Found a roughly hewn altar of Beogh.
 30836 | Orc:2    | Found a staircase to the Elven Halls.
 30919 | Orc:2    | Found Emniklos's General Store.
 30925 | Orc:2    | Bought a +1 pair of boots of running for 657 gold pieces
 31279 | Elf:1    | Entered Level 1 of the Elven Halls
 31689 | Elf:1    | Found Geugid's Food Boutique.
 33004 | Elf:2    | Found Jywkorar's Antique Weapon Shop.
 33033 | Elf:2    | Bought a fine short sword for 240 gold pieces
 33043 | Elf:2    | Identified the +4 short sword of Poverty {elec, Int+2} (You bought it in a shop on level 2 of the Elven Halls)
 33147 | Elf:2    | Received a gift from Okawaru
 33194 | Elf:2    | Found Rulunocu's Gadget Emporium.
 33211 | Elf:2    | Got a pair of transparent boots {god gift}
 33227 | Elf:2    | Identified the +2 pair of boots "Yresais" {+Fly rC- Str+5} (Okawaru gifted it to you on level 2 of the Elven Halls)
 33609 | Elf:2    | Reached skill level 15 in Fighting
 33649 | Elf:2    | Reached skill level 21 in Shields
 33654 | Elf:2    | Found a runed gate.
 33654 | Elf:2    | Found a runed gate.
 33655 | Elf:2    | Found a runed gate.
 34644 | Elf:2    | Received a gift from Okawaru
 34932 | Elf:2    | Reached XP level 17. HP: 156/156 MP: 17/17
 35295 | Elf:3    | Entered Level 3 of the Elven Halls
 35320 | Elf:3    | Found Ahiugrof's Book Boutique.
 35600 | Elf:3    | Received a gift from Okawaru
 35609 | Elf:3    | Reached skill level 15 in Armour
 35622 | Elf:3    | Got an ancient chain mail {god gift}
 35633 | Elf:3    | Identified the +0 chain mail "Feines" {rC++} (Okawaru gifted it to you on level 3 of the Elven Halls)
 36342 | Elf:3    | Gained mutation: You are weak. (Str -2) [a neqoxec]
 36367 | Elf:3    | Noticed a deep elf blademaster
 36383 | Elf:3    | Killed a deep elf blademaster
 36406 | Elf:3    | Noticed a deep elf master archer
 36415 | Elf:3    | Killed a deep elf master archer
 37010 | Elf:3    | Reached skill level 22 in Shields
 38027 | Elf:3    | Received a gift from Okawaru
 38515 | Elf:3    | Got a wavering turquoise ring
 38518 | Elf:3    | Got a flickering lead ring
 38566 | Elf:3    | Identified Sump's Grimoire of Poisoning and Translocation
 38846 | Elf:3    | Got a smoking rapier
 38847 | Elf:3    | Identified the +1 rapier of Upheaval {holy, Int+4} (You found it on level 3 of the Elven Halls)
 38852 | Elf:3    | Identified the ring "Mymue" {+Fly rC+} (You took it off a deep elf death mage on level 3 of the Elven Halls)
 38857 | Elf:3    | Identified the ring of Upsoboaf {rElec Int+4 Stlth-} (You took it off a deep elf annihilator on level 3 of the Elven Halls)
 39318 | Spider:1 | Entered Level 1 of the Spider Nest
 39595 | Spider:1 | Noticed Asterion
 39605 | Spider:1 | Killed Asterion
 39648 | Spider:1 | Received a gift from Okawaru
 39797 | Spider:1 | Reached XP level 18. HP: 159/167 MP: 18/18
 39811 | Spider:1 | Noticed Kirke
 39819 | Spider:1 | Killed Kirke
 41358 | Spider:3 | Received a gift from Okawaru
 41475 | Spider:3 | Found a frozen archway.
 41578 | IceCv    | Entered an ice cave
 41698 | IceCv    | Noticed SirSavien's ghost (journeyman GrEE)
 41724 | IceCv    | Reached skill level 5 in Dodging
 41736 | IceCv    | Killed SirSavien's ghost
 42914 | IceCv    | Reached skill level 23 in Shields
 43349 | Spider:3 | Identified a scroll of acquirement
 43450 | Spider:3 | Got a faintly glowing hat
 43461 | Spider:3 | Identified the +0 hat of Dulucw {rC- Int+7 Dex+2 Stlth+} (You acquired it on level 3 of the Spider Nest)
 43963 | Spider:4 | Entered Level 4 of the Spider Nest
 44561 | Spider:3 | Received a gift from Okawaru
 44568 | Spider:3 | Got a twisted ring mail {god gift}
 46945 | Spider:4 | Received a gift from Okawaru
 46948 | Spider:4 | Got a dazzling long sword {god gift}
 46949 | Spider:4 | Identified the +1 long sword of Defiance {slice, Fragile rN++} (Okawaru gifted it to you on level 4 of the Spider Nest)
 47209 | Spider:4 | Reached XP level 19. HP: 116/177 MP: 1/19
 47489 | Spider:4 | Got a gossamer rune of Zot
 47835 | Shoals:1 | Entered Level 1 of the Shoals
 48868 | Shoals:1 | Received a gift from Okawaru
 49630 | Shoals:2 | Found Pygom's Island Escapes.
 49675 | Shoals:2 | Bought a scroll of teleportation for 51 gold pieces
 49675 | Shoals:2 | Bought a scroll of teleportation for 51 gold pieces
 49675 | Shoals:2 | Bought a scroll of blinking for 127 gold pieces
 49711 | Shoals:2 | Reached skill level 24 in Shields
 49903 | Shoals:2 | Reached skill level 1 in Evocations
 50139 | Shoals:3 | Noticed Louise
 50161 | Shoals:2 | Killed Louise
 50511 | Shoals:4 | Entered Level 4 of the Shoals
 50515 | Shoals:4 | Noticed Ilsuiw
 50941 | Shoals:3 | Killed Ilsuiw
 51399 | Shoals:4 | Received a gift from Okawaru
 51445 | Shoals:4 | Got a barnacled rune of Zot
 52669 | Shoals:4 | Received a gift from Okawaru
 53180 | Shoals:3 | Reached XP level 20. HP: 148/189 MP: 20/20
 54099 | Vaults:1 | Entered Level 1 of the Vaults
 54263 | Vaults:1 | Reached skill level 25 in Shields
 54309 | Vaults:1 | Found Ura Giuv's Distillery.
 54327 | Vaults:1 | Bought a potion of haste for 140 gold pieces
 54327 | Vaults:1 | Bought a potion of agility for 56 gold pieces
 54327 | Vaults:1 | Bought a potion of curing for 42 gold pieces
 54509 | Vaults:1 | Found Nigeli's Food Shoppe.
 55406 | Vaults:1 | Found Plog's Jewellery Emporium.
 55735 | Vaults:2 | Found a flickering gateway to a bazaar.
 55747 | Bazaar   | Entered a bazaar
 55749 | Bazaar   | Found Tyilum's Distillery.
 55749 | Bazaar   | Found Gingepsun's Armour Boutique.
 55771 | Bazaar   | Bought a potion of heal wounds for 90 gold pieces
 55771 | Bazaar   | Bought a potion of might for 72 gold pieces
 55780 | Bazaar   | Found Myenytz's Jewellery Boutique.
 55830 | Bazaar   | Found Ohiemmuah's Weapon Shop.
 55883 | Bazaar   | Bought the ring of Duesaaf {rC+ Str+6 Slay+2} for 889 gold pieces
 55903 | Bazaar   | Bought a potion of cure mutation for 450 gold pieces
 55932 | Vaults:2 | Received a gift from Okawaru
 55957 | Vaults:2 | Got a fine cloak {god gift}
 55970 | Vaults:2 | Identified the -2 cloak of the Jolly Realms {*Contam MR++ Regen+ Str+8} (Okawaru gifted it to you on level 2 of the Vaults)
 56901 | Vaults:2 | HP: 2/191 [death knight/glaive (21)]
 57102 | Vaults:2 | Found a staircase to the Crypt.
 57523 | Slime:1  | Entered Level 1 of the Pits of Slime
 57789 | Slime:2  | Noticed Dissolution
 57802 | Slime:1  | Killed Dissolution
 57802 | Slime:1  | Received a gift from Okawaru
 58653 | Slime:1  | Reached XP level 21. HP: 185/199 MP: 21/21
 58983 | Slime:3  | Gained mutation: You are very weak. (Str -4) [a shining eye]
 59016 | Slime:3  | Gained mutation: Your spells are a little harder to cast, but a little more powerful. [a shining eye]
 59019 | Slime:3  | Gained mutation: You tend to lose your temper in combat. [a shining eye]
 59329 | Slime:2  | Received a gift from Okawaru
 59858 | Slime:4  | Reached skill level 26 in Shields
 60325 | Slime:5  | Entered Level 5 of the Pits of Slime
 60709 | Slime:5  | Gained mutation: Scrolls take you a little longer to read. [a shining eye]
 60711 | Slime:5  | Gained mutation: Your magical capacity is low. (-10% MP) [a shining eye]
 60893 | Slime:5  | Gained mutation: You are clumsy. (Dex -2) [a shining eye]
 60895 | Slime:5  | Gained mutation: You are dopey. (Int -2) [a shining eye]
 61204 | Slime:5  | HP: 7/201 [acid blob (30)]
 61209 | Slime:5  | HP: 8/201 [azure jelly (3)]
 61209 | Slime:5  | Demolished by an azure jelly

Skill      XL: |  1  2  3  4  5  6  7  8  9 10 11 12 13 14 15 16 17 18 19 20 21 |
---------------+----------------------------------------------------------------+-----
Armour         | 4 5 6 7 8 9 10 11 12 13 14 15 16 17 18 | 18.6
Shields        | 4 5 6 8 10 11 13 14 16 18 19 21 22 23 24 25 26 | 26.2
Fighting       | 4 5 6 8 9 10 12 13 14 15 16 17 18 19 20 | 20.2
Long Blades    | 3 4 5 6 8 10 12 13 14 15 16 17 18 19 20 21 | 21.1
Dodging        | 1 2 3 4 5 |  5.8
Invocations    | 1 |  1.8
Stealth        | 1 2 3 |  3.1
Axes           | 1 2 |  2.7
Evocations     | 1 |  1.2

Action                   |  1- 3 |  4- 6 |  7- 9 | 10-12 | 13-15 | 16-18 | 19-21 || total
-------------------------+-------+-------+-------+-------+-------+-------+-------++-------
Melee: Long sword        |    95 |   162 |   369 |    53 |       |       |       ||   679
       Headbutt          |    10 |    18 |    79 |   231 |   481 |   495 |   507 ||  1821
       Scimitar          |       |       |       |   710 |  1871 |  1323 |    31 ||  3935
       Hand axe          |       |       |       |    19 |    33 |       |       ||    52
       Demon blade       |       |       |       |       |       |   391 |  1479 ||  1870
Invok: Heroism           |       |       |     6 |     4 |     2 |     3 |     3 ||    18
 Abil: Evoke Flight      |       |       |       |     2 |       |       |     4 ||     6
Evoke: Wand              |       |       |       |       |       |     1 |       ||     1
  Use: Scroll            |     3 |       |     3 |    21 |    13 |    16 |     6 ||    62
       Potion            |       |       |       |     1 |     2 |     5 |     3 ||    11
 Stab: Distracted        |       |       |     1 |       |       |     1 |     1 ||     3
       Held in net/web   |       |       |       |       |       |     1 |       ||     1
  Eat: Chunk             |     1 |     6 |    18 |    20 |    49 |    40 |    31 ||   165
       Royal jelly       |       |       |       |     1 |     1 |       |       ||     2
       Beef jerky        |       |       |       |       |       |     6 |     1 ||     7
       Fruit             |       |       |       |       |       |     6 |    18 ||    24
Armor: Scale mail        |    49 |    68 |    23 |       |       |       |       ||   140
       Chain mail        |       |       |    10 |       |       |       |       ||    10
       Plate armour      |       |       |    77 |   238 |   622 |   897 |   581 ||  2415
Dodge: Dodged            |    35 |    46 |    68 |    97 |   299 |   553 |   417 ||  1515
Block: Shield            |    69 |    88 |    35 |       |       |       |   917 ||  1109
       Large shield      |       |       |   231 |   634 |  1981 |   657 |       ||  3503
       Buckler           |       |       |       |       |       |   644 |   374 ||  1018
       Reflection        |       |       |       |       |       |       |   125 ||   125
       Rpst.: Long sword |    10 |    14 |    21 |       |       |       |       ||    45
       Scimitar          |       |       |       |    22 |    69 |    70 |       ||   161
       Demon blade       |       |       |       |       |       |    49 |    77 ||   126
